 Dungeon Crawl Stone Soup version 0.30-a0-341-g682706514a (webtiles) character file.

Game seed: 17368918659213327442

79 Harunobu the Trooper (level 4, 0/29 HPs)
             Began as a Gargoyle Monk on Nov 1, 2022.
             Slain by Ijyb
             ... wielding a +0 falchion
              (5 damage)
             ... on level 3 of the Dungeon.
             The game lasted 00:03:46 (2471 turns).

Harunobu the Trooper (Gargoyle Monk)                Turns: 2471, Time: 00:03:46

Health: 0/29       AC: 15    Str: 16    XL:     4   Next: 37%
Magic:  4/4        EV: 12    Int: 11    God:
Gold:   261        SH:  0    Dex: 12    Spells: 3/3 levels left

rFire   . . .      SeeInvis .    t - +2 dagger (protect)
rCold   . . .      Faith    .    (no shield)
rNeg    + . .      Spirit   .    b - +0 robe
rPois   ∞          Reflect  .    (no helmet)
rElec   +          Harm     .    (no cloak)
rCorr   .          Rampage  .    (no gloves)
Will    .....                    q - +2 pair of boots
Stlth   ++........               (no amulet)
HPRegen 0.24/turn                (no ring)
MPRegen 0.09/turn                (no ring)

@: under a protective aura
A: sickness immunity, AC +3, negative energy resistance 1, electricity
resistance, torment resistance 1, petrification resistance
a: no special abilities


You were on level 3 of the Dungeon.
You visited 1 branch of the dungeon, and saw 3 of its levels.

You collected 261 gold pieces.

Inventory:

Hand Weapons
 a - a +0 mace
 f - a +0 long sword
 p - a +0 whip
 t - a +2 dagger of protection (weapon)
Armour
 b - a +0 robe (worn)
 q - a +2 pair of boots (worn)
Scrolls
 e - a scroll of enchant armour {unknown}
 g - 4 scrolls of teleportation {unknown}
 h - a scroll of noise {unknown}
 i - a scroll of summoning {unknown}
 j - 8 scrolls of identify {unknown}
 l - a scroll of brand weapon {unknown}
 m - a scroll of vulnerability {unknown}
 s - a scroll of poison {unknown}
Potions
 c - a potion of ambrosia
 d - a potion of berserk rage {unknown}
 k - 2 potions of heal wounds {unknown}
 n - a potion of might {unknown}
 o - a potion of mutation {unknown}
 r - a potion of degeneration {unknown}


   Skills:
 + Level 4.0 Fighting
 - Level 3.3 Maces & Flails
 + Level 3.0 Dodging
 + Level 3.3 Stealth


You had 3 spell levels left.
You didn't know any spells.
Your spell library contained the following spells:

 Spells                   Type           Power      Damage    Failure   Level
 Apportation              Tloc           0%         N/A       34%         1
 Blink                    Tloc           0%         N/A       47%         2
 Momentum Strike          Conj/Tloc      0%         3d8       47%         2
 Static Discharge         Conj/Air       0%         2-2/arc   47%         2
 Lesser Beckoning         Tloc           0%         N/A       71%         3
 Portal Projectile        Hex/Tloc       0%         N/A       71%         3
 Stone Arrow              Conj/Erth      0%         3d7       71%         3
 Tukima's Dance           Hex            0%         N/A       71%         3
 Vhi's Electric Charge    Tloc/Air       0%         N/A       71%         3
 Animate Armour           Summ/Erth      0%         N/A       98%         4
 Alistair's Intoxication  Tmut/Pois      0%         N/A       100%        5
 Arcjolt                  Conj/Air       0%         1d10      100%        5
 Blade Hands              Tmut           0%         N/A       100%        5
 Lightning Bolt           Conj/Air       0%         1d11      100%        5
 Lehudib's Crystal Spear  Conj/Erth      0%         10d2      100%        8


Dungeon Overview and Level Annotations

Branches:
Dungeon (3/15)

Altars:

Annotations:
D:3 2 transporters, Ijyb; choppaz's ghost, amateur DjFE


Innate Abilities, Weirdness & Mutations

You are immune to sickness and miasma.
Your stone body is resilient. (AC +3)
You are immune to poison.
You resist negative energy. (rN+)
You are resistant to electric shocks. (rElec)
You are resistant to unholy torment.
You are immune to petrification.


Message History

Ijyb hits you but does no damage.
You hit Ijyb.
Ijyb is heavily wounded.
Ijyb zaps a wand.
The puff of flame hits you but does no damage.
You hit Ijyb but do no damage.
Ijyb is heavily wounded.
Ijyb closely misses you.
You hit Ijyb but do no damage.
Ijyb is heavily wounded.
Ijyb completely misses you.
You hit Ijyb but do no damage.
Ijyb is heavily wounded.
Ijyb hits you with a +0 falchion.
You hit Ijyb.
Ijyb is severely wounded.
Ijyb hits you but does no damage.
You hit Ijyb.
Ijyb is almost dead.
Ijyb zaps a wand.
The puff of flame hits you but does no damage.
You hit Ijyb but do no damage.
Ijyb is almost dead.
Ijyb hits you with a +0 falchion.
* * * LOW HITPOINT WARNING * * *
You hit Ijyb.
Ijyb is almost dead.
Ijyb zaps a wand.
The puff of flame hits you.
* * * LOW HITPOINT WARNING * * *
You completely miss Ijyb.
Ijyb is almost dead.
Ijyb zaps a wand.
The puff of flame hits you but does no damage.
You closely miss Ijyb.
Ijyb is almost dead.
Ijyb closely misses you.
You hit Ijyb but do no damage.
Ijyb is almost dead.
Ijyb hits you with a +0 falchion.
You die...

#...#8.#...#.8#........##########
##..##©W.r...##.......##
##...#########...#....#.
##.........(.....##....#
###.............###...#.. #
##......####### ##..##( #
#......# ...###
####).)...##########.#.....
>.....÷......#..@g.........
....###......#'###...#..... ....#
#.................... ....#
#...................# ....#
#####.......#8.....8# ....#
####....#.......# ....# #####
######8.....8# ....# #...#
#.......# #######...# #8.....8#


You could see Ijyb.

Vanquished Creatures
  2 adders (D:2)
  2 worms (D:2)
  2 dart slugs
  An orc (D:3)
  6 bats
  5 endoplasms
  9 goblins
  6 hobgoblins
  A quokka (D:3)
  5 ball pythons
  2 frilled lizards
  4 kobolds
  3 rats
48 creatures vanquished.

Notes
Turn   | Place    | Note
-------+----------+-------------------------------------------
     0 | D:1      | Harunobu the Gargoyle Monk began the quest for the Orb.
     0 | D:1      | Reached XP level 1. HP: 14/14 MP: 1/1
   151 | D:1      | Reached XP level 2. HP: 19/19 MP: 2/2
  1119 | D:2      | Reached XP level 3. HP: 21/24 MP: 3/3
  1947 | D:3      | Reached XP level 4. HP: 27/29 MP: 4/4
  2024 | D:3      | Found a transporter.
  2157 | D:3      | Noticed choppaz's ghost (amateur DjFE)
  2209 | D:3      | Reached skill level 4 in Fighting
  2213 | D:3      | Found a transporter.
  2432 | D:3      | Noticed Ijyb
  2471 | D:3      | Slain by Ijyb

Illustrated notes

Levels and vault maps discovered:
D:1:      psy_arrival_dodecagon, layout_basic
D:2:      layout_basic, grunt_decor_clamped
D:3:      kennysheep_the_goblin_king, layout_basic, marbit_many_paths,
          gammafunk_ghost_arena, minmay_randomly_rotated_circles

Skill      XL: |  1  2  3  4 |
---------------+-------------+-----
Stealth        | 3 |  3.3
Fighting       | 4 |  4.0
Dodging        | 3 |  3.0
Maces & Flails | |  3.3

Action                   |  1- 3 |  4- 6 || total
-------------------------+-------+-------++-------
Melee: Long sword        |   102 |    20 ||   122
       Mace              |     3 |       ||     3
       Punch             |     1 |       ||     1
       Dagger            |       |    62 ||    62
 Stab: Sleeping          |     7 |     3 ||    10
Armor: Robe              |    45 |    47 ||    92
Dodge: Dodged            |    70 |    52 ||   122

Table legend: (Time is in decaauts)
 A = Elapsed time spent in this place.
 B = Non-inter-level travel time spent in this place.
 C = Inter-level travel time spent in this place.
 D = Time resting spent in this place.
 E = Time spent auto-exploring this place.
 F = Levels seen in this place.
 G = Mean time per level.
                   A        B        C        D        E       F      G
               +--------+--------+--------+--------+--------+-----+--------+
         Total |   2519 |   2406 |    113 |    259 |   1504 |   3 |  839.7 |
       Dungeon |   2519 |   2406 |    113 |    259 |   1504 |   3 |  839.7 |
               +--------+--------+--------+--------+--------+-----+--------+

Top non-repeatable levels by time:
     D:2: 941 daAuts
     D:1: 871 daAuts
     D:3: 706 daAuts
